 Dungeon Crawl Stone Soup version 0.29-a0-330-g52719c12eb (webtiles) character file.

Game seed: 15957462445103790042

88 Crownlay the Magician (level 4, -3/28 HPs)
             Began as an Octopode Transmuter on May 2, 2022.
             Slain by a kobold
             ... wielding a +0 dagger
              (4 damage)
             ... on level 3 of the Dungeon.
             The game lasted 00:03:10 (2744 turns).

Crownlay the Magician (Octopode Transmuter)         Turns: 2744, Time: 00:03:10

Health: -3/28      AC:  2    Str:  9    XL:     4   Next: 53%
Magic:  5/8        EV: 20    Int: 17    God:
Gold:   172        SH:  0    Dex: 23    Spells: 5/9 levels left

rFire   . . .      SeeInvis +     - Unarmed
rCold   . . .      Faith    .   (shield currently unavailable)
rNeg    . . .      Spirit   .   (helmet currently unavailable)
rPois   x          Reflect  .   (no amulet)
rElec   .          Harm     .   b - +6 ring of dexterity
rCorr   .          Rampage  .   d - ring of see invisible
Will    .....                   (no ring)
Stlth   ++........              (no ring)
HPRegen 0.09/turn               (no ring)
MPRegen 0.11/turn               (no ring)
                                (no ring)
                                (no ring)

@: lethally poisoned (-3 -> -8), spider-form (expiring)
A: venomous fangs, almost no armour, (amphibious), 8 rings, tiny, (camouflage
1), (gelatinous body 1), (nimble swimmer 1), (tentacles)
a: End Transformation


You were on level 3 of the Dungeon.
You were a venomous arachnid creature.
You visited 1 branch of the dungeon, and saw 3 of its levels.

You collected 172 gold pieces.

Inventory:

Jewellery
 b - a +6 ring of dexterity (left front leg)
 d - a ring of see invisible (right front leg)
Wands
 j - a wand of flame (15)
Scrolls
 e - a scroll of amnesia
 f - a scroll of torment
 g - a scroll of enchant weapon
 k - a scroll of enchant armour
 l - a scroll of noise {unknown}
Potions
 a - 2 potions of lignification
 c - 2 potions of brilliance {unknown}
 i - 2 potions of curing {unknown}
 m - a potion of haste {unknown}


   Skills:
 + Level 1.6 Fighting
 - Level 2.0 Dodging
 - Level 3.0 Unarmed Combat
 * Level 3.2 Spellcasting
 * Level 3.2 Transmutations
 + Level 0.3 Poison Magic


You had 5 spell levels left.
You knew the following spells:

 Your Spells              Type           Power      Damage    Failure   Level
a - Beastly Appendage     Tmut           26%        N/A       14%         1
b - Spider Form           Tmut/Pois      8%         N/A       47%         3

Your spell library contained the following spells:

 Spells                   Type           Power      Damage    Failure   Level
 Wereblood                Tmut           13%        N/A       19%         2
 Animate Skeleton         Necr           4%         N/A       36%         1
 Apportation              Tloc           4%         N/A       36%         1
 Summon Small Mammal      Summ           8%         N/A       36%         1
 Ice Form                 Ice/Tmut       8%         N/A       83%         4


Dungeon Overview and Level Annotations

Branches:
Dungeon (3/15)

Altars:
Beogh


Innate Abilities, Weirdness & Mutations

You are a venomous arachnid creature.
You have poisonous fangs.
You are tiny and dextrous.
Your spellcasting is less reliable in this form.
Your armour is entirely melded.
You are incapable of wielding weapons or throwing items.
You cannot wear most types of armour.
((You are amphibious.))
You can wear up to eight rings at the same time.
((Your skin changes colour to match your surroundings (Stealth+).))
((Your rubbery body absorbs attacks. (AC +1, EV +1)))
((You are camouflaged when in or above water. (Stealth+)))
((You have tentacles for arms and can constrict up to eight enemies at once.))


Message History

The orc is severely wounded.
The kobold closely misses you. The orc closely misses you.
You barely miss the orc.
The orc is severely wounded.
The adder misses you. The kobold hits you with a +0 dagger.
The orc hits you with a +0 mace!
You hit the orc.
You kill the orc!
The adder barely misses you. The kobold closely misses you.
The adder bites you.
You are poisoned.
The adder poisons you!
You hit the adder.
The adder is lightly wounded.
Your transformation is almost over.
You feel very sick. The adder closely misses you.
The kobold hits you with a +0 dagger.
You are too injured to fight recklessly!
You are too injured to fight recklessly!
You closely miss the adder.
The adder is lightly wounded.
You feel very sick. The adder misses you. The kobold completely misses you.
You bite the adder!
The adder is heavily wounded.
* * * LOW HITPOINT WARNING * * *
You feel sick. The adder misses you. The kobold hits you with a +0 dagger.
* * * LOW HITPOINT WARNING * * *
The hobgoblin closely misses you.
You hit the adder.
You kill the adder!
* * * LOW HITPOINT WARNING * * *
You feel sick. The kobold barely misses you. The hobgoblin misses you.
You hit the hobgoblin.
The hobgoblin is poisoned.
The hobgoblin is severely wounded.
* * * LOW HITPOINT WARNING * * *
You feel sick. The hobgoblin hits you.
* * * LOW HITPOINT WARNING * * *
The kobold hits you with a +0 dagger.
You die...

#.(....# ##..)...#
##.......# ##........#
#..#......# #####
######.##......#
.....###.........######
#......####.### ###
###s##....#.######..
......Kg...............#
###......######.........
...(>##### ##.##...###
..### ###..####.†.. .
#.[.## #.... #.###
#...### ... ....###
#.... ####


You could see a hobgoblin (very poisoned) and a kobold.

Vanquished Creatures
  3 adders
  2 dart slugs
  3 orcs
  7 ball pythons
  4 endoplasms
  3 giant cockroaches (D:1)
  3 goblins
  3 hobgoblins
  A jackal (D:2)
  11 kobolds
  5 bats (D:1)
  2 frilled lizards
  6 rats
53 creatures vanquished.

Notes
Turn   | Place    | Note
-------+----------+-------------------------------------------
     0 | D:1      | Crownlay the Octopode Transmuter began the quest for the
                  | Orb.
     0 | D:1      | Reached XP level 1. HP: 13/13 MP: 3/3
   282 | D:1      | Reached XP level 2. HP: 11/18 MP: 3/5
   831 | D:1      | Reached XP level 3. HP: 16/23 MP: 7/7
  1412 | D:2      | Reached XP level 4. HP: 16/28 MP: 6/8
  1879 | D:2      | Found a faded altar of an unknown god.
  2127 | D:2      | Learned a level 3 spell: Spider Form
  2177 | D:2      | HP: 1/28 [ball python (1)]
  2657 | D:3      | Identified the +10 plate armour of the Trees {rC- Int+4
                  | Dex+7}
  2744 | D:3      | HP: 1/28 [hobgoblin (2)]
  2744 | D:3      | Slain by a kobold

Illustrated notes

Levels and vault maps discovered:
D:1:      roderic_crossed_star, layout_basic
D:2:      layout_rooms, hellmonk_ecumenical_altar_defaced_shrine,
          serial_bayou_pond_a
D:3:      layout_rooms, nicolae_ru_great_annihilating_truth,
          mainiacjoe_overflow_alcove_1

Skill      XL: |  1  2  3 |
---------------+----------+-----
Spellcasting   | 3 |  3.2
Transmutations | 3 |  3.2
Fighting       | |  1.6
Dodging        | |  2.0
Unarmed Combat | |  3.0
Poison Magic   | |  0.3

Action                   |  1- 3 |  4- 6 || total
-------------------------+-------+-------++-------
Melee: Unarmed           |    67 |    35 ||   102
       Constrict         |    23 |     9 ||    32
       Kick              |    21 |    14 ||    35
       Tentacles         |    12 |     8 ||    20
       Punch             |     1 |     1 ||     2
 Cast: Beastly Appendage |    21 |     9 ||    30
       Spider Form       |       |     1 ||     1
  Use: Scroll            |       |     4 ||     4
 Stab: Sleeping          |     8 |     1 ||     9
Armor: Skin              |     6 |     3 ||     9
Dodge: Dodged            |    34 |    36 ||    70

Table legend: (Time is in decaauts)
 A = Elapsed time spent in this place.
 B = Non-inter-level travel time spent in this place.
 C = Inter-level travel time spent in this place.
 D = Time resting spent in this place.
 E = Time spent auto-exploring this place.
 F = Levels seen in this place.
 G = Mean time per level.
                   A        B        C        D        E       F      G
               +--------+--------+--------+--------+--------+-----+--------+
         Total |   2739 |   2647 |     92 |      0 |   2269 |   3 |  913.0 |
       Dungeon |   2739 |   2647 |     92 |      0 |   2269 |   3 |  913.0 |
               +--------+--------+--------+--------+--------+-----+--------+

Top non-repeatable levels by time:
     D:2: 1276 daAuts
     D:1: 1239 daAuts
     D:3: 223 daAuts
